 Dungeon Crawl Stone Soup version 0.28-a0-845-gfc338a8e3c (webtiles) character file.

Game seed: 3010665921668620149

406 bande the Covered (level 6, -1/39 HPs)
             Began as a Gargoyle Fighter on Nov 12, 2021.
             Killed from afar by Dowan (6 damage)
             ... with a stone arrow
             ... on level 4 of the Dungeon.
             The game lasted 00:05:39 (5145 turns).

bande the Covered (Gargoyle Fighter)                Turns: 5145, Time: 00:05:40

Health: -1/39      AC: 14    Str: 21    XL:     6   Next: 87%
Magic:  6/6        EV:  7    Int:  8    God:
Gold:   131        SH:  8    Dex: 10    Spells: 5/5 levels left

rFire   . . .      SeeInvis .   a - +0 war axe
rCold   + . .      Faith    .   i - +0 kite shield
rNeg    + . .      Spirit   .   b - +0 scale mail
rPois   ∞          Reflect  .   l - +2 helmet
rElec   +          Harm     .   (no cloak)
rCorr   .          Rampage  .   (no gloves)
Will    +....                   (no boots)
Stlth   ..........              (no amulet)
HPRegen 0.13/turn               e - ring of willpower
MPRegen 0.10/turn               k - ring of protection from cold

@: mighty
A: sickness immunity, AC +4, negative energy resistance 1, electricity
resistance, torment resistance 1, petrification resistance
a: no special abilities


You were on level 4 of the Dungeon.
You visited 1 branch of the dungeon, and saw 4 of its levels.

You collected 131 gold pieces.

Inventory:

Hand Weapons
 a - a +0 war axe (weapon)
Armour
 b - a +0 scale mail (worn)
 i - a +0 kite shield (worn)
 l - a +2 helmet (worn)
Jewellery
 e - a ring of willpower (left hand)
 k - a ring of protection from cold (right hand)
Wands
 m - a wand of digging (6)
Scrolls
 h - a scroll of amnesia
Potions
 c - a potion of lignification {unknown}
 f - a potion of brilliance {unknown}
 g - 2 potions of heal wounds
 j - a potion of haste {unknown}


   Skills:
 + Level 4.3 Fighting
 + Level 4.4 Axes
 + Level 4.7 Armour
 - Level 0.6 Dodging
 + Level 4.5 Shields


You had 5 spell levels left.
You didn't know any spells.
Your spell library was empty.

Dungeon Overview and Level Annotations

Branches:
Dungeon (4/15)
 Temple: D:4-7

Altars:
Ru

Annotations:
D:4 Dowan


Innate Abilities, Weirdness & Mutations

You are immune to sickness and miasma.
Your stone body is resilient. (AC +4)
You are immune to poison.
You resist negative energy. (rN+)
You are resistant to electric shocks. (rElec)
You are resistant to unholy torment.
You are immune to petrification.


Message History

Duvessa hits you but does no damage. Dowan casts a spell at you.
You resist with almost no effort. Duvessa hits you but does no damage.
Unknown command.
You completely miss Dowan.
Dowan is moderately wounded.
You slash Duvessa! Dowan casts a spell at you.
You resist with almost no effort. Duvessa hits you with a +0 short sword!
Unknown command.
You hit Dowan.
Dowan is heavily wounded.
You slash Duvessa! Dowan hits you but does no damage.
Duvessa barely misses you. You block Dowan's attack.
Duvessa hits you with a +0 short sword.
* * * LOW HITPOINT WARNING * * *
Unknown command.
You hit Dowan.
Dowan is heavily wounded.
You hit Duvessa.
Dowan's robes are whipped around by a magical breeze.
Dowan hits you with a +0 dagger.
* * * LOW HITPOINT WARNING * * *
Duvessa hits you with a +0 short sword.
* * * LOW HITPOINT WARNING * * *
You slash Dowan!
Dowan is almost dead.
You slash Duvessa!
You kill Duvessa!
Dowan seems overcome with grief, but rights himself reflexively soon after.
Dowan seems to find hidden reserves of power!
Dowan barely misses you.
Dowan drinks a potion.
Dowan is healed!
Dowan hits you but does no damage.
You slash Dowan!
Dowan is heavily wounded.
Dowan hits you with a +0 dagger.
* * * LOW HITPOINT WARNING * * *
Dowan casts a spell at you. The stone arrow hits you.
You die...

.#####..####.#
.#####..####$#
........>....###
####.##.#......#
#. #........# #
#.....#..## #
##...###..###.##..
#..## ##........#
...## ##@##.....
#.#.. +)e# ###
...... #..##
.#.###. #..# ...#
.### #


You could see Dowan (fast).

Vanquished Creatures
  Duvessa (D:4)
  A scorpion (D:2)
  2 hounds
  An orc wizard (D:3)
  Robin (D:4)
  4 adders
  An adder skeleton (D:2)
  2 worms (D:2)
  A dart slug (D:1)
  8 endoplasms
  2 giant cockroaches
  22 goblins
  14 hobgoblins
  5 jackals
  6 kobolds
  3 quokkas
  6 ball pythons
  11 bats
  5 frilled lizards
  3 rats
99 creatures vanquished.

Vanquished Creatures (collateral kills)
  A rat (D:2)
1 creature vanquished.

Grand Total: 100 creatures vanquished

Notes
Turn   | Place    | Note
-------+----------+-------------------------------------------
     0 | D:1      | bande the Gargoyle Fighter began the quest for the Orb.
     0 | D:1      | Reached XP level 1. HP: 14/14 MP: 1/1
   479 | D:1      | Reached XP level 2. HP: 19/19 MP: 2/2
   498 | D:1      | Noticed a great orb of eyes
  1077 | D:1      | Reached XP level 3. HP: 18/23 MP: 3/3
  1182 | D:1      | Found a faded altar of an unknown god.
  1183 | D:1      | Noticed a golden eye
  1184 | D:1      | Noticed a floating eye
  1197 | D:1      | Noticed an eye of devastation
  1958 | D:2      | Noticed a scorpion
  1968 | D:2      | Killed a scorpion
  1969 | D:2      | Reached XP level 4. HP: 8/29 MP: 4/4
  2547 | D:2      | Reached XP level 5. HP: 33/33 MP: 5/5
  4351 | D:3      | Found a sacrificial altar of Ru.
  4794 | D:4      | Noticed Robin
  4812 | D:3      | Reached XP level 6. HP: 36/38 MP: 6/6
  4847 | D:4      | Killed Robin
  5134 | D:4      | Noticed Duvessa
  5134 | D:4      | Noticed Dowan
  5144 | D:4      | Killed Duvessa
  5145 | D:4      | Killed from afar by Dowan

Illustrated notes

Levels and vault maps discovered:
D:1:      minmay_arrival_five_plusses, layout_basic,
          hellmonk_ecumenical_altar_watching_god, st_stairs_9,
          minmay_hedge_maze, feat_on_display
D:2:      layout_basic
D:3:      layout_rooms, nicolae_ru_great_annihilating_truth,
          minmay_goblin_outpost
D:4:      layout_loops_cross, enter_ossuary_5, uniq_robin, uniq_sigmund,
          uniq_duvessa

Skill      XL: |  1  2  3  4  5  6 |
---------------+-------------------+-----
Axes           | 2 3 4 |  4.4
Armour         | 4 |  4.7
Shields        | 4 |  4.5
Fighting       | 4 |  4.3
Dodging        | |  0.6

Action                   |  1- 3 |  4- 6 || total
-------------------------+-------+-------++-------
Melee: War axe           |   120 |   191 ||   311
  Use: Scroll            |     3 |     2 ||     5
       Potion            |       |     1 ||     1
 Stab: Paralysed         |       |     2 ||     2
Armor: Scale mail        |    77 |   156 ||   233
Dodge: Dodged            |    69 |    93 ||   162
Block: Buckler           |    25 |       ||    25
       Kite shield       |    16 |   123 ||   139

Table legend: (Time is in decaauts)
 A = Elapsed time spent in this place.
 B = Non-inter-level travel time spent in this place.
 C = Inter-level travel time spent in this place.
 D = Time resting spent in this place.
 E = Time spent auto-exploring this place.
 F = Levels seen in this place.
 G = Mean time per level.
                   A        B        C        D        E       F      G
               +--------+--------+--------+--------+--------+-----+--------+
         Total |   5308 |   5308 |      0 |   1184 |   3136 |   4 | 1327.0 |
       Dungeon |   5308 |   5308 |      0 |   1184 |   3136 |   4 | 1327.0 |
               +--------+--------+--------+--------+--------+-----+--------+

Top non-repeatable levels by time:
     D:2: 2614 daAuts
     D:1: 1676 daAuts
     D:3: 679 daAuts
     D:4: 338 daAuts
